 Dungeon Crawl Stone Soup version 0.17-a0-1421-g95311d7 (webtiles) character file.

484 Fluffy the Cudgeler (level 7, -13/41 HPs)
             Began as a Gargoyle Fighter on June 24, 2015.
             Killed by divine providence
             ... invoked by an orc priest
              (14 damage)
             ... on level 4 of the Dungeon.
             The game lasted 00:08:01 (2843 turns).

Fluffy the Cudgeler (Gargoyle Fighter)              Turns: 2843, Time: 00:08:02

Health: -13/41     AC: 12    Str: 20    XL:     7   Next: 12%
Magic:  7/7        EV:  7    Int:  8    God:
Gold:   159        SH:  9    Dex: 11    Spells: 0 memorised, 6 levels left

rFire  . . .     SeeInvis .     j - +1 whip (flame)
rCold  . . .     Clarity  .     b - +0 scale mail
rNeg   + . .     SustAt   .     c - +0 shield
rPois  ∞         Gourm    .     (no helmet)
rElec  +         Spirit   .     (no cloak)
rCorr  .         Warding  .     m - +0 pair of gloves
rMut   +         Stasis   .     (no boots)
MR     .....                    k - amulet of resist mutation
Stlth  ..........               (no ring)
                                (no ring)

@: not resistant to hostile enchantments, extremely unstealthy
A: negative energy resistance 1, electricity resistance, unbreathing,
petrification resistance, rot immunity, AC +4
a: no special abilities


You were on level 4 of the Dungeon.
You were not hungry.

You visited 1 branch of the dungeon, and saw 5 of its levels.

You collected 159 gold pieces.

Inventory:

Hand weapons
 j - a +1 whip of flaming (weapon)
Armour
 b - a +0 scale mail (worn)
 c - a +0 shield (worn)
 m - a +0 pair of gloves (worn)
Jewellery
 k - an amulet of resist mutation (around neck)
Magical devices
 n - a wand of cold (0)
Scrolls
 a - 2 scrolls of remove curse
 f - a scroll of amnesia
 p - 2 scrolls of identify
Potions
 d - 2 potions of might
 g - 2 potions of curing
 h - a potion of brilliance
 l - a potion of agility
Comestibles
 e - 3 bread rations
 o - 6 fruits
 q - a beef jerky


   Skills:
 - Level 3.2 Fighting
 + Level 7.5 Maces & Flails
 - Level 3.2 Armour
 - Level 3.2 Shields


You had 6 spell levels left.
You didn't know any spells.

Dungeon Overview and Level Annotations

Branches:
Dungeon (5/15)
 Temple: D:4-7

Altars:
Ashenzari
Sif Muna


Innate Abilities, Weirdness & Mutations

You are resistant to torment.
Your stone body is resilient (AC +4).
You are immune to poison.
You resist negative energy.
You are resistant to electric shocks.
You can survive without breathing.
You are immune to petrification.
You are immune to rotting.


Message History

You block the worker ant's attack.
The orc wizard points at you and mumbles some strange words.
The magic dart hits you!
You barely miss the worker ant.
The worker ant is severely wounded.
You block the worker ant's attack.
You closely miss the worker ant.
The worker ant is severely wounded.
You block the orc wizard's attack. The worker ant bites you.
Your scale mail prevents you from hitting the worker ant.
The worker ant is severely wounded.
You block the orc wizard's attack. You block the worker ant's attack.
You barely miss the worker ant.
The worker ant is severely wounded.
The orc priest invokes the aid of Beogh against you.
Something smites you!
* * * LOW HITPOINT WARNING * * *
The orc priest mumbles some strange prayers to Beogh against you.
Something smites you!
You die...

#####.###.####.# #...P≈≈≈≈≈≈≈[P
#.....# #......# #...P.≈≈≈≈≈≈..
#.###.###.###### #..P...≈≈≈≈.(P
#.###....#########.......≈≈P.P.
#.##..##..................P.P.P
#.##..##.########.###.#######..
#####∩##### #.....# ###
##.##♣.♣##.##############
#...##.##...##.o@ao#
_.#.†∩.∩..#._#####o#
#...##♣##...## #.# ##.## ##.##
#a# ### ### #.# #o# #.# # #o#
#### #. #.# #...


You could see a worker ant, 2 orc priests and an orc wizard.

Vanquished Creatures
  A phantom (D:4)
  An ogre (D:3)
  An orc wizard (D:3)
  2 worker ants (D:4)
  12 adders
  A gnoll (D:1)
  3 worms
  5 giant geckos
  11 orcs
  4 bats
  3 giant cockroaches
  8 goblins
  8 hobgoblins
  8 jackals
  9 kobolds
  A quokka (D:3)
  3 giant newts
  8 rats
89 creatures vanquished.

Notes
Turn   | Place    | Note
--------------------------------------------------------------
     0 | D:1      | Fluffy the Gargoyle Fighter began the quest for the Orb.
     0 | D:1      | Reached XP level 1. HP: 14/14 MP: 1/1
    42 | D:1      | Reached XP level 2. HP: 13/19 MP: 2/2
   383 | D:1      | Reached XP level 3. HP: 9/23 MP: 3/3
  1108 | D:2      | Reached skill level 4 in Maces & Flails
  1114 | D:2      | Reached XP level 4. HP: 18/28 MP: 4/4
  1747 | D:3      | Reached skill level 5 in Maces & Flails
  1754 | D:3      | Reached XP level 5. HP: 29/32 MP: 5/5
  2212 | D:3      | Noticed an ogre
  2216 | D:3      | Killed an ogre
  2216 | D:3      | Reached skill level 6 in Maces & Flails
  2216 | D:3      | Reached XP level 6. HP: 37/37 MP: 6/6
  2381 | D:4      | You fall through a shaft!
  2381 | D:5      | Entered Level 5 of the Dungeon
  2547 | D:4      | Reached skill level 7 in Maces & Flails
  2547 | D:4      | Reached XP level 7. HP: 31/41 MP: 7/7
  2610 | D:4      | Found a shattered altar of Ashenzari.
  2622 | D:4      | Found a deep blue altar of Sif Muna.
  2843 | D:4      | HP: 1/41 [orc priest/divine providence (12)]
  2843 | D:4      | Killed from afar by an orc priest

Vault maps used:
D:1:      scummos_arrival_forest
D:2:      minmay_strange_pillars, kennysheep_generic_room_16
D:4:      amethyst_overflow_temple_binary, first_bread, guppyfry_early_lair_pool

Action                   |  1- 3 |  4- 6 |  7- 9 || total
-------------------------+-------+-------+-------++-------
Melee: Flail             |    57 |       |       ||    57
       Whip              |    51 |   277 |    48 ||   376
Evoke: Wand              |       |     3 |       ||     3
  Use: Scroll            |       |    12 |       ||    12
       Potion            |       |       |     1 ||     1
  Eat: Chunk             |     1 |     5 |     1 ||     7
